Map: Lerilak Crest

Players

Ryan

  • Race: Zerg Zerg
  • League: Master

LilDicky - Winner!

  • Race: Terran Terran
  • League: Diamond

VOD

http://www.twitch.tv/tumescentpie

Description

Time

  • Played on: Dec. 30, 2015, 11:40 p.m.
  • Length: 10:58
Show
View Real Time Build Order
Export as new Build Order

Ryan Zerg 

Build Orders: Pool First 

Get SALT Encoding   

  12  0:03  Drone  
  13  0:08  Drone  
  14  0:18  Extractor  
  14  0:20  Extractor  
  14  0:21  Drone  
  13  0:22  Drone  
  13  0:27  Overlord  
  16  0:40  Extractor  
  15  0:45  Spawning Pool  
  15  0:48  Drone  
  15  0:53  Drone  
  16  0:58  Drone  
  17  1:10  Drone  
  18  1:32  Zergling x4  
  19  1:38  Queen  
  22  1:42  Metabolic Boost  
  22  1:50  Zergling x2, Extractor  
  23  1:57  Hatchery  
  22  2:01  Overlord  
  22  2:21  Zergling x4  
  24  2:40  Overlord  
  24  2:55  Overlord  
  24  2:59  Hatchery  
  24  3:00  Drone x4  
  27  3:10  Drone  
  27  3:11  Drone  
  29  3:24  Drone x5  
  34  3:29  Queen  
  36  3:41  Drone x2  
  37  3:47  Extractor  
  38  3:55  Zergling x2  
  38  3:56  Zergling x10  
  43  4:07  Overlord  
  43  4:08  Overlord  
  43  4:12  Zergling x2  
  43  4:14  Zergling x4  
  46  4:21  Baneling Nest  
  45  4:24  Queen  
  45  4:26  Drone x2  
  45  4:27  Drone  
  50  4:51  Zergling x2  
  50  4:52  Zergling x14  
  58  4:55  Lair  
  57  5:08  Queen  
  57  5:12  Spore Crawler, Baneling  
  57  5:13  Baneling x7  
  58  5:26  Zergling x10  
  53  5:34  Spore Crawler  
  43  5:48  Drone  
  43  5:49  Drone x3  
  39  6:07  Drone x4  
  43  6:32  Drone  
  44  6:33  Drone x8  
  44  6:38  Centrifical Hooks  
  51  6:46  Baneling x5  
  51  6:47  Baneling  
  48  6:55  Drone x3  
  48  6:56  Drone  
  52  7:07  Zergling x12  
  58  7:28  Zergling x14  
  65  7:32  Overlord x2  
  65  7:33  Overlord  
  65  7:48  Overlord x3  
  65  7:49  Overlord  
  56  7:58  Overseer  
  56  8:02  Baneling  
  56  8:03  Baneling x20  
  56  8:04  Baneling x4  
  56  8:08  Zergling x4  
  58  8:26  Drone x4  
  58  8:27  Drone x3  
  44  9:01  Zergling x2  
  44  9:02  Zergling x22  
  49  9:12  Spire  
  49  9:14  Drone  
  49  9:15  Drone x2  
  51  9:24  Drone x3  
  51  9:26  Queen  
  51  9:46  Zergling x14  
  51  9:48  Baneling  
  51  9:49  Baneling x14  
  58  10:03  Zergling x12  
  64  10:13  Zergling x2  
  60  10:25  Zergling x2  
  60  10:26  Zergling x12  
  54  10:29  Baneling  
  54  10:30  Baneling x6  
  53  10:37  Zergling x6  
  53  10:38  Zergling x4  
Show
View Real Time Build Order
Export as new Build Order

LilDicky Terran - Winner!

Build Orders: Command Center First (CC), Liberator Opening 

Get SALT Encoding   

  12  0:01  SCV  
  13  0:14  SCV  
  14  0:17  Supply Depot  
  14  0:26  SCV  
  15  0:39  SCV  
  16  0:51  SCV  
  17  1:02  Command Center  
  17  1:04  SCV  
  18  1:17  Barracks  
  18  1:19  SCV  
  19  1:25  Refinery  
  19  1:28  Refinery  
  19  1:34  SCV  
  20  1:46  SCV  
  21  1:58  SCV  
  22  2:04  Marine  
  22  2:06  Supply Depot  
  23  2:10  Orbital Command  
  24  2:30  Factory  
  24  2:31  Barracks Reactor  
  22  2:44  Orbital Command  
  22  2:47  SCV  
  23  3:00  SCV  
  24  3:12  SCV  
  25  3:20  Starport  
  25  3:21  Barracks Reactor  
  25  3:23  SCV, Hellion x2  
  30  3:28  Armory, SCV  
  31  3:40  SCV  
  32  3:50  Liberator x2  
  32  3:51  Supply Depot  
  32  3:53  Hellion  
  32  3:54  Hellion  
  36  3:56  SCV  
  37  4:06  Supply Depot  
  43  4:15  Hellion x2  
  43  4:17  SCV x2  
  48  4:23  Orbital Command  
  49  4:34  SCV  
  50  4:40  Command Center  
  50  4:46  Supply Depot, SCV, Liberator  
  50  4:50  Hellbat  
  50  4:51  Hellbat  
  55  4:59  SCV  
  56  5:01  SCV  
  60  5:12  SCV  
  60  5:13  SCV  
  52  5:30  Liberator  
  52  5:31  Liberator  
  45  5:49  Widow Mine x2  
  55  6:02  Orbital Command  
  46  6:11  Command Center  
  46  6:13  Command Center, Liberator, Orbital Command  
  41  6:35  Widow Mine x2  
  45  6:44  Orbital Command  
  45  7:02  Factory  
  45  7:03  Factory  
  45  7:07  Hellion  
  45  7:08  Hellion  
  49  7:15  Refinery  
  49  7:17  Refinery  
  49  7:21  SCV x3  
  52  7:23  Orbital Command  
  52  7:26  Refinery  
  52  7:29  Orbital Command x2  
  52  7:33  SCV x3  
  55  7:45  SCV  
  55  7:50  Engineering Bay  
  56  7:55  SCV x3  
  56  7:58  SCV x2  
  61  8:01  Factory Tech Lab, Factory Reactor  
  61  8:03  Hellion x2  
  65  8:07  SCV x3  
  65  8:10  Terran Vehicle And Ship Armor Level 1  
  65  8:12  Armory, Liberator x2  
  66  8:24  Hellion  
  66  8:25  Thor  
  72  8:30  SCV x2  
  80  8:38  Missile Turret x3  
  80  8:42  Missile Turret  
  80  8:43  Widow Mine x3  
  80  8:45  SCV x2, Widow Mine  
  80  8:46  Drilling Claws  
  80  8:47  SCV x2  
  67  9:09  Marine  
  68  9:20  Thor, Hellion  
  68  9:21  Hellion  
  68  9:22  Hellion  
  68  9:23  Hellion  
  68  9:24  SCV x3  
  85  9:31  SCV, Refinery  
  86  9:42  Supply Depot  
  90  9:45  Hellion x2  
  90  9:58  SCV x2  
  90  9:59  Supply Depot  
  92  10:16  Command Center  
Tags
 
Add a new tag
Caveats
  • Supply blocks, unpowered buildings, or Contaminate may cause inaccurate times.
  • Supply counts are checked every 10 seconds.